 Dungeon Crawl Stone Soup version 0.28-a0-622-gbaef9634d7 (webtiles) character file.

Game seed: 164989769618412461

9 sleeves the Skirmisher (level 2, 11/24 HPs)
             Began as a Demonspawn Fighter on Oct 7, 2021.
             Quit the game on level 1 of the Dungeon.
             The game lasted 00:00:16 (284 turns).

sleeves the Skirmisher (Demonspawn Fighter)          Turns: 284, Time: 00:00:17

Health: 11/24      AC:  6    Str: 16    XL:     2   Next: 3%
Magic:  2/2        EV:  9    Int:  9    God:
Gold:   0          SH:  4    Dex: 12    Spells: 1/1 levels left

rFire   . . .      SeeInvis .   a - +0 long sword
rCold   . . .      Faith    .   c - +0 buckler
rNeg    . . .      Spirit   .   b - +0 scale mail
rPois   .          Reflect  .   (no helmet)
rElec   .          Harm     .   (no cloak)
rCorr   .          Rampage  .   (no gloves)
Will    .....                   (no boots)
Stlth   ..........              (no amulet)
HPRegen 0.08/turn               (no ring)
MPRegen 0.08/turn               (no ring)

@: no status effects
A: foul stench 1
a: no special abilities


You were on level 1 of the Dungeon.
You visited 1 branch of the dungeon, and saw 1 of its levels.

Inventory:

Hand Weapons
 a - a +0 long sword (weapon)
Armour
 b - a +0 scale mail (worn)
 c - a +0 buckler (worn)
Scrolls
 e - a scroll of fog {unknown}
 f - a scroll of identify {unknown}
 g - a scroll of fear {unknown}
Potions
 d - a potion of might


   Skills:
 - Level 3.0 Fighting
 + Level 2.5 Long Blades
 - Level 2.6 Armour
 - Level 2.6 Shields


You had one spell level left.
You didn't know any spells.
Your spell library was empty.

Dungeon Overview and Level Annotations

Branches:
Dungeon (1/15)

Altars:


Innate Abilities, Weirdness & Mutations

You may rarely emit foul miasma when damaged in melee.


Message History

Welcome, sleeves the Demonspawn Fighter.
The bosom of this dungeon contains the legendary artefact, the Orb of Zot.
Press ? for a list of commands and other information.
Found a leather armour and a scroll labelled HYUPIE NEIDEQOIRPH.
Found two stairs.
You see here a +0 leather armour.
e - a scroll labelled HYUPIE NEIDEQOIRPH A kobold comes into view.
It is wielding a +0 whip.
The kobold shouts!
A kobold is nearby!
You closely miss the kobold. You block the kobold's attack.
The kobold hits you with a +0 whip.
You closely miss the kobold. The kobold closely misses you.
You slash the kobold!
You kill the kobold!
No target in view!
No target in view!
No target in view!
A rat comes into view.
A rat is nearby!
A rat is nearby!
You block the rat's attack.
Things that are here:
a +0 whip; a kobold corpse You slash the rat!
You kill the rat!
Your Long Blades skill increases to level 2!
No target in view!
No target in view!
No target in view!
No target in view!
No target in view!
No target in view!
HP restored.
f - a scroll labelled ONNYTUOKHU A ball python comes into view.
The ball python hisses angrily.
A ball python is nearby!
Found 22 stones.
You slash the ball python!
You kill the ball python!
No target in view!
No target in view!
No target in view!
No target in view!
No target in view!
No target in view!
No target in view!
g - a scroll labelled YTSO WONUGA You see here 22 stones.
You open the door.
There is an open door here.
An endoplasm and a hobgoblin come into view.
The hobgoblin shouts!
The endoplasm moves out of view.
A hobgoblin is nearby!
You closely miss the hobgoblin. You block the hobgoblin's attack.
You closely miss the hobgoblin.
The hobgoblin hits you but does no damage.
The hobgoblin hits you.
You hit the hobgoblin.
The hobgoblin is lightly wounded.
The hobgoblin hits you.
You barely miss the hobgoblin.
The hobgoblin is lightly wounded.
The hobgoblin hits you but does no damage.
The endoplasm freezes you.
You are frozen.
You barely miss the hobgoblin.
The hobgoblin is lightly wounded.
The hobgoblin hits you. The endoplasm freezes you.
You are frozen.
The hobgoblin hits you but does no damage.
You are too injured to fight recklessly!
You are too injured to fight recklessly!
There are monsters nearby!
There are monsters nearby!
There are monsters nearby!
You are too injured to fight recklessly!
You block the endoplasm's attack.
A bat comes into view.
The bat hits you but does no damage. The bat hits you but does no damage.
You block the bat's attack. x2
The bat hits you but does no damage.
You miss the bat. The bat hits you but does no damage. x2
The bat barely misses you.
You hit the bat but do no damage. The bat hits you but does no damage. x2
You closely miss the bat. The bat hits you but does no damage.
The bat barely misses you.
You hit the bat but do no damage. The bat hits you but does no damage. x2
You block the bat's attack.
You closely miss the bat. The bat closely misses you.
The bat hits you but does no damage.
Your shield prevents you from hitting the bat.
The bat closely misses you. You block the bat's attack.
The bat hits you but does no damage.
You barely miss the bat. The bat hits you but does no damage. x2
You miss the bat. The bat misses you. The bat hits you but does no damage. x2
You closely miss the bat. The bat barely misses you.
You hit the bat but do no damage. The bat hits you but does no damage.
The bat misses you.
You barely miss the bat. The bat hits you but does no damage.
The bat closely misses you. The bat hits you but does no damage.
You hit the bat.
You kill the bat!
You slash the hobgoblin!
You kill the hobgoblin!
You barely miss the endoplasm. The endoplasm barely misses you.
You barely miss the endoplasm.
The endoplasm hits you but does no damage.
The endoplasm barely misses you.
You hit the endoplasm.
The endoplasm is severely wounded.
The endoplasm hits you but does no damage.
You hit the endoplasm.
You kill the endoplasm!
You see here a bat corpse.
Nothing quivered!
Found 21 poisoned darts.
A quokka comes into view.
A quokka is nearby!
Found a potion of might.
A goblin comes into view. It is wielding a +0 club.
Found a stone staircase leading down.
The goblin shouts!
The quokka bites you but does no damage.
You hit the quokka.
The quokka is moderately wounded.
The quokka barely misses you. x2; You block the goblin's attack.
You closely miss the quokka.
The quokka is moderately wounded.
The quokka bites you but does no damage.
The goblin barely misses you.
The quokka bites you but does no damage.
You hit the quokka but do no damage.
The quokka is moderately wounded.
The goblin hits you but does no damage. You block the quokka's attack.
The goblin barely misses you.
You barely miss the quokka.
The quokka is moderately wounded.
The quokka bites you. x2; The goblin barely misses you.
You hit the quokka.
The quokka is heavily wounded.
The quokka bites you but does no damage.
The goblin hits you with a +0 club.
There are monsters nearby!
There are monsters nearby!
There are monsters nearby!
The goblin hits you with a +0 club.
* * * LOW HITPOINT WARNING * * *
The quokka bites you but does no damage.
You closely miss the goblin. The goblin closely misses you.
Your shield and scale mail prevent you from hitting the goblin.
The goblin hits you but does no damage. The goblin closely misses you.
You closely miss the goblin. The goblin barely misses you.
You slash the goblin!
You kill the goblin!
You slash the quokka!
You kill the quokka!
You have reached level 2!
Your demonic ancestry asserts itself...
You begin to emit a foul stench of rot and decay.
Are you sure you want to abandon this character and quit the game? (Confirm with "yes".)

.##..##.# #.####..##...#
...[....# #..# #.#
#.......# ######### #..#
#.# #.###...# ####.># #.#
#.#.#...# #.....#
#.####...#...# #.....#
#.##.....#...# #.....#
#..+..........
###.....########.....###.#
#.......)@...............#
#......(##################
#.....!.# #.......#
#.......# ........#
........# ..#######


There were no monsters in sight!

Vanquished Creatures
  An endoplasm (D:1)
  A goblin (D:1)
  A hobgoblin (D:1)
  A kobold (D:1)
  A quokka (D:1)
  A ball python (D:1)
  A bat (D:1)
  A rat (D:1)
8 creatures vanquished.

Notes
Turn   | Place    | Note
-------+----------+-------------------------------------------
     0 | D:1      | sleeves the Demonspawn Fighter began the quest for the Orb.
     0 | D:1      | Reached XP level 1. HP: 18/18 MP: 1/1
    32 | D:1      | Reached skill level 2 in Long Blades
   277 | D:1      | HP: 8/18 [goblin (4)]
   284 | D:1      | Gained mutation: You may rarely emit foul miasma when
                  | damaged in melee. [demonic ancestry]
   284 | D:1      | Reached XP level 2. HP: 11/24 MP: 2/2
   284 | D:1      | Quit the game

Illustrated notes

Levels and vault maps discovered:
D:1:      dpeg_arrival_line_fractal, layout_basic, basic_ecumenical_altar

Skill      XL: |  1 |
---------------+----+-----
Long Blades    | 2 |  2.5
Fighting       | |  3.0
Armour         | |  2.6
Shields        | |  2.6

Action                   || total
-------------------------++-------
Melee: Long sword        ||    37
Armor: Scale mail        ||    31
Dodge: Dodged            ||    19
Block: Buckler           ||    10

Table legend: (Time is in decaauts)
 A = Elapsed time spent in this place.
 B = Non-inter-level travel time spent in this place.
 C = Inter-level travel time spent in this place.
 D = Time resting spent in this place.
 E = Time spent auto-exploring this place.
 F = Levels seen in this place.
 G = Mean time per level.
                   A        B        C        D        E       F      G
               +--------+--------+--------+--------+--------+-----+--------+
         Total |    295 |    295 |      0 |      0 |    215 |   1 |  295.0 |
       Dungeon |    295 |    295 |      0 |      0 |    215 |   1 |  295.0 |
               +--------+--------+--------+--------+--------+-----+--------+

Top non-repeatable levels by time:
     D:1: 295 daAuts
